 Dungeon Crawl Stone Soup version 0.30-a0-223-gcb0039aa0c (webtiles) character file.

Game seed: 9657512641900908905

210 qw the Chopper (level 5, -2/32 HPs)
             Began as a Gargoyle Fighter on Oct 9, 2022.
             Slain by a gnoll
             ... wielding a +0 halberd
              (7 damage)
             ... on level 4 of the Dungeon.
             The game lasted 00:01:28 (3170 turns).

qw the Chopper (Gargoyle Fighter)                   Turns: 3170, Time: 00:01:28

Health: -2/32      AC: 14    Str: 22    XL:     5   Next: 87%
Magic:  5/5        EV:  8    Int:  8    God:
Gold:   301        SH:  8    Dex:  9    Spells: 4/4 levels left

rFire   . . .      SeeInvis .    Y - +0 war axe
rCold   . . .      Faith    .    k - +0 kite shield
rNeg    + . .      Spirit   .    b - +0 scale mail
rPois   inf        Reflect  .    n - +2 helmet
rElec   +          Harm     .    (no cloak)
rCorr   .          Rampage  .    (no gloves)
Will    .....                    (no boots)
Stlth   ..........               (no amulet)
HPRegen 0.25/turn                (no ring)
MPRegen 0.09/turn                (no ring)

@: about to teleport
A: sickness immunity, AC +4, negative energy resistance 1, electricity
resistance, torment resistance 1, petrification resistance
a: no special abilities


You were on level 4 of the Dungeon.
You visited 1 branch of the dungeon, and saw 4 of its levels.

You collected 301 gold pieces.


Innate Abilities, Weirdness & Mutations

You are immune to sickness and miasma.
Your stone body is resilient. (AC +4)
You are immune to poison.
You resist negative energy. (rN+)
You are resistant to electric shocks. (rElec)
You are resistant to unholy torment.
You are immune to petrification.


   Skills:
 - Level 3.2 Fighting
 - Level 4.6 Axes
 - Level 3.2 Armour
 + Level 4.6 Shields


You had 4 spell levels left.
You didn't know any spells.
Your spell library was empty.

Inventory:

Hand Weapons
 g - a +0 whip
 Y - a +0 war axe (weapon)
Armour
 b - a +0 scale mail (worn)
 k - a +0 kite shield (worn)
 l - a +0 chain mail
 n - a +2 helmet (worn)
Jewellery
 c - an amulet of the acrobat
Scrolls
 h - 2 scrolls of identify
 j - a scroll of teleportation
Potions
 a - a potion of mutation {unknown}
 d - 3 potions of might
 e - a potion of cancellation {unknown}
 f - a potion of heal wounds
 i - a potion of lignification {unknown}
 m - a potion of attraction {unknown}
 p - a potion of berserk rage {unknown}
 s - a potion of haste {unknown}

Dungeon Overview and Level Annotations

Branches:
Dungeon (4/15)
 Temple: D:4-7

Altars:
Sif Muna

Shops:
D:3 :

Portals:
Abyss: D:1***


Message History

You block the gnoll's attack.
The gnoll hits you from afar with a +0 halberd!
You block the gnoll's attack.
You slash the gnoll!
The gnoll is almost dead.
You hit the gnoll. You block the gnoll's attack. The gnoll barely misses you.
You block the gnoll's attack.
You barely miss the gnoll.
The gnoll is almost dead.
You hit the gnoll. The gnoll hits you but does no damage.
The gnoll closely misses you. You block the gnoll's attack.
The gnoll barely misses you. x2
You block the gnoll's attack.
You slash the gnoll!
You kill the gnoll!
You slash the gnoll!
You kill the gnoll!
The gnoll barely misses you.
You closely miss the gnoll. The gnoll hits you with a +0 halberd.
The gnoll hits you from afar with a +0 halberd.
You hit the gnoll.
The gnoll is heavily wounded.
The gnoll closely misses you. You block the gnoll's attack.
The gnoll hits you with a +0 halberd. The gnoll hits you but does no damage.
You closely miss the gnoll.
The gnoll is heavily wounded.
The gnoll closely misses you. You block the gnoll's attack.
You hit the gnoll but do no damage.
The gnoll is heavily wounded.
The gnoll hits you with a +0 halberd. The gnoll hits you but does no damage.
You block the gnoll's attack.
The gnoll hits you from afar with a +0 halberd!
3170 ||| READING 2 scrolls of teleportation.
As you read the scroll of teleportation, it crumbles to dust.
You feel strangely unstable. The gnoll hits you but does no damage.
The gnoll hits you from afar with a +0 halberd!
You die...

#..........##
#.#####...#####
...........#
#####.#.....#
#..........#
..########.#
..##....##
#.#......#.# #.#
.##.# #.#.}..}.#.# #
#.'..~~..).#
.#########.'..~~..'.#
.....gg)#..#.}..}.###
#@#.##......#
#...######### #####


You could see 2 gnolls.

Vanquished Creatures
  An ogre (D:4)
  2 gnolls (D:4)
  3 adders
  2 worms (D:2)
  3 dart slugs
  2 orcs
  7 ball pythons
  5 endoplasms
  5 giant cockroaches
  4 goblins
  4 hobgoblins
  4 jackals (D:3)
  8 kobolds
  A quokka (D:1)
  7 bats
  3 frilled lizards
  4 rats
65 creatures vanquished.

Vanquished Creatures (others)
  2 fungi (D:3)
  2 plants (D:3)
4 creatures vanquished.

Grand Total: 69 creatures vanquished

Notes
Turn   | Place    | Note
-------+----------+-------------------------------------------
     0 | D:1      | qw the Gargoyle Fighter began the quest for the Orb.
     0 | D:1      | Reached XP level 1. HP: 14/14 MP: 1/1
     0 | D:1      | 0 ||| qw: Version: 0.2-a-17-g06abaee
     0 | D:1      | 0 ||| qw: Game counter: 2060
     0 | D:1      | 0 ||| qw: Always use a shield: true
     0 | D:1      | 0 ||| qw: God list: Okawaru
     0 | D:1      | 0 ||| qw: Allow faded altars: false
     0 | D:1      | 0 ||| qw: Do Orc after D:15 true
     0 | D:1      | 0 ||| qw: Do second Lair branch before Depths: true
     0 | D:1      | 0 ||| qw: Lair rune preference: random
     0 | D:1      | 0 ||| qw: Plans: Normal, Zot:1-4, God:TSO, Crypt, Tomb,
                  | Pan, Slime:5, Hells, Abyss, Orb
     0 | D:1      | 0 ||| PLANNING D:1-11
    19 | D:1      | 19 ||| Stepping randomly (stuck).
    20 | D:1      | 20 ||| Stepping randomly (stuck).
   141 | D:1      | Reached XP level 2. HP: 15/19 MP: 2/2
   146 | D:1      | 146 ||| Stepping ~*~*~tactically~*~*~ (stealth).
   155 | D:1      | 155 ||| Stepping ~*~*~tactically~*~*~ (stealth).
   433 | D:1      | Reached skill level 3 in Axes
   490 | D:1      | Reached XP level 3. HP: 23/23 MP: 3/3
   648 | D:1      | 648 ||| UPGRADING to +0 kite shield.
   658 | D:1      | 658 ||| DROPPING +0 buckler.
   659 | D:1      | 659 ||| READING scroll labelled FER QULAMYZO.
   660 | D:1      | 660 ||| READING 3 scrolls labelled FEOSHA MILUQ.
   663 | D:1      | 663 ||| DRINKING 2 metallic inky potions.
   664 | D:1      | 664 ||| DRINKING 2 smoky dark potions.
   765 | D:1      | 765 ||| DROPPING potion of degeneration.
   766 | D:1      | 766 ||| DROPPING potion of ambrosia.
  1029 | D:2      | 1029 ||| Stepping ~*~*~tactically~*~*~ (stealth).
  1314 | D:2      | 1314 ||| READING 3 scrolls labelled PACLEU OVVAQEJAJE.
  1315 | D:2      | 1315 ||| READING 2 scrolls labelled ROREGU TAFUYTI.
  1316 | D:2      | 1316 ||| READING scroll labelled SUSIKA CUPH.
  1317 | D:2      | 1317 ||| DRINKING 2 yellow potions.
  1357 | D:3      | Reached XP level 4. HP: 28/28 MP: 4/4
  1542 | D:3      | Found Duriacir's Book Shop.
  1559 | D:3      | Found a shimmering blue altar of Sif Muna.
  1569 | D:3      | 1569 ||| FLEEEEING.
  1570 | D:3      | 1570 ||| FLEEEEING.
  1571 | D:3      | 1571 ||| FLEEEEING.
  1934 | D:3      | Found a faded altar of an unknown god.
  2521 | D:3      | 2521 ||| UPGRADING to +0 helmet.
  2526 | D:3      | 2526 ||| READING 2 scrolls of enchant armour.
  2526 | D:3      | 2526 ||| ENCHANTING +0 helmet.
  2527 | D:3      | 2527 ||| READING scroll of enchant armour.
  2527 | D:3      | 2527 ||| ENCHANTING +1 helmet.
  2529 | D:3      | 2529 ||| DRINKING potion of curing.
  2529 | D:3      | 2529 ||| (to cure confusion)
  2539 | D:3      | 2539 ||| FLEEEEING.
  2540 | D:3      | 2540 ||| FLEEEEING.
  2541 | D:3      | 2541 ||| FLEEEEING.
  2542 | D:3      | 2542 ||| FLEEEEING.
  2643 | D:3      | 2643 ||| Invisible monster not found???
  2643 | D:3      | 2643 ||| READING 3 scrolls labelled GUDUTY ACISYH.
  2644 | D:3      | 2644 ||| READING scroll labelled ARPHOUGG EDOIDD.
  2645 | D:3      | 2645 ||| READING scroll labelled RAKHI MYAT HAH.
  2746 | D:3      | 2746 ||| DRINKING 3 sedimented coppery potions.
  2747 | D:3      | 2747 ||| DRINKING 2 murky brown potions.
  2748 | D:3      | 2748 ||| DROPPING 2 potions of flight.
  2749 | D:3      | 2749 ||| DROPPING 2 scrolls of blinking.
  2795 | D:4      | 2795 ||| STAIRDANCE
  2804 | D:4      | 2804 ||| STAIRDANCE
  2812 | D:4      | 2812 ||| STAIRDANCE
  2840 | D:4      | Noticed an ogre
  2848 | D:4      | Killed an ogre
  2849 | D:4      | Reached XP level 5. HP: 32/32 MP: 5/5
  3158 | D:4      | 3158 ||| Stepping ~*~*~tactically~*~*~ (stealth).
  3169 | D:4      | HP: 5/32 [gnoll/+0 halberd (10)]
  3170 | D:4      | 3170 ||| READING 2 scrolls of teleportation.
  3170 | D:4      | Slain by a gnoll

Levels and vault maps discovered:
D:1:      minmay_arrival_glassed_features, layout_loops_ring
D:2:      layout_loops_ring
D:3:      layout_basic, led_sif_book, serial_shops, shop,
          shapermc_ecumenical_altar_mp_ritualfount
D:4:      layout_basic, lemuel_zombie_altar_yredelemnul,
          kennysheep_generic_room_15

Skill      XL: |  1  2  3  4 |
---------------+-------------+-----
Axes           | 2 3 4 |  4.6
Shields        | 4 |  4.6
Fighting       | |  3.2
Armour         | |  3.2

Action                   |  1- 3 |  4- 6 || total
-------------------------+-------+-------++-------
Melee: War axe           |    99 |   105 ||   204
  Use: Scroll            |     5 |     6 ||    11
       Potion            |     3 |     3 ||     6
Armor: Scale mail        |    47 |    64 ||   111
Dodge: Dodged            |    33 |    46 ||    79
Block: Buckler           |    10 |       ||    10
       Kite shield       |    11 |    55 ||    66

Table legend:
 A = Non-vault XP
 B = Vault XP
 C = Vault XP percentage of total XP
 D = Non-vault monster count
 E = Vault monster count
 F = Vault count percentage of total count
                 A         B        C        D         E       F
            +---------+---------+-------+---------+---------+-------
      Total |     297 |       3 |   1.0 |      64 |       1 |   1.5
            +---------+---------+-------+---------+---------+-------
        D:1 |      37 |       0 |   0.0 |      20 |       0 |   0.0
        D:2 |      40 |       0 |   0.0 |      13 |       0 |   0.0
        D:3 |      48 |       0 |   0.0 |      21 |       0 |   0.0
        D:4 |     172 |       3 |   1.7 |      10 |       1 |   9.1
            +---------+---------+-------+---------+---------+-------
